| Goals | Penalties |
No Goal
|
Max Lajoie (BOS) for Delaying the game (Minor) at 4:29
|
1. Bruins , Rourke Chartier 10 (Logan Shaw 15, Philip Broberg 7) at 5:38
2. Bruins , Rasmus Asplund 11 (Philip Broberg 8) at 12:44 (PP)
3. Wolf Pack , Logan Hutsko 7 (Zac Jones 17, Reid Schaefer 5) at 13:21
|
Dan Renouf (BOS) for Tripping (Minor) at 6:50 Taylor Ward (NYR) for Cross-checking (Minor) at 10:45
|
No Goal
|
Adam Gaudette (BOS) for Roughing (Minor) at 5:39 Anthony Richard (BOS) for Tripping (Minor) at 15:45
|
|
Alex Lyon (NYR), 31 saves from 33 shots - (0,939), L, 18-12-2, 59:18 minutes
Ken Appleby (BOS), 32 saves from 33 shots - (0,970), W, 16-13-5, 60:00 minutes
|
|
1 - Ken Appleby (BOS)
2 - Philip Broberg (BOS)
3 - Rourke Chartier (BOS)
|
Referees : Ian Walsh and Kendrick Nicholson
Linesman : Doug Krell and David Brisebois
|
|
| No Game Note
|
| Team Name |
Goals |
Shots |
Shots Attemp |
Shots Blocked |
PIM |
HIT |
PP |
PK |
FO% |
| Wolf Pack |
1 | 33 | 58 | 16 | 2 | 20 | 0 / 4 (0%) | 1 | 36% |
| Bruins |
2 | 33 | 56 | 11 | 8 | 23 | 1 / 1 (100%) | 0 | 64% |
Wolf Pack
| Player Name |
POS |
G |
A |
P |
+/- |
PIM |
HIT |
SHT |
SB |
MP |
PP MP |
PP SHT |
PK MP |
PK SHT |
FO% |
FOT |
GA |
TA |
| Alex Laferriere | RW | 0 | 0 | 0 | 0 | 0 | 2 | 6 | 1 | 19:21 | 3:44 | 1 | 0:00 | 0 | 0% |
0 | 4 | 0 |
| Ivan Miroshnichenko | LW | 0 | 0 | 0 | 0 | 0 | 1 | 3 | 1 | 19:30 | 3:35 | 1 | 1:04 | 0 | 50% |
2 | 0 | 1 |
| Jared McIsaac | D | 0 | 0 | 0 | 0 | 0 | 0 | 0 | 4 | 12:02 | 0:17 | 0 | 0:00 | 0 | 0% |
0 | 0 | 0 |
| Jayden Struble | D | 0 | 0 | 0 | 0 | 0 | 0 | 0 | 0 | 21:08 | 3:16 | 0 | 0:40 | 0 | 0% |
0 | 1 | 2 |
| Logan Brown | C/LW | 0 | 0 | 0 | 0 | 0 | 1 | 0 | 0 | 13:10 | 3:34 | 0 | 0:45 | 0 | 36% |
14 | 0 | 1 |
| Logan Hutsko | C | 1 | 0 | 1 | 0 | 0 | 1 | 5 | 1 | 18:18 | 2:47 | 0 | 0:16 | 0 | 33% |
6 | 0 | 0 |
| Lucas Edmonds | LW/RW | 0 | 0 | 0 | 0 | 0 | 1 | 2 | 0 | 11:56 | 3:20 | 1 | 0:20 | 0 | 0% |
0 | 0 | 1 |
| Mark Friedman | D | 0 | 0 | 0 | 0 | 0 | 1 | 0 | 3 | 26:50 | 4:23 | 0 | 1:19 | 0 | 0% |
0 | 0 | 1 |
| Mason Lohrei | D | 0 | 0 | 0 | 0 | 0 | 2 | 3 | 1 | 21:08 | 3:16 | 0 | 0:40 | 0 | 0% |
0 | 0 | 2 |
| Michael Milne | LW | 0 | 0 | 0 | 0 | 0 | 1 | 3 | 1 | 11:34 | 0:00 | 0 | 0:00 | 0 | 0% |
0 | 0 | 0 |
| Oskar Back | C/RW | 0 | 0 | 0 | 0 | 0 | 2 | 3 | 1 | 25:52 | 3:26 | 1 | 0:58 | 1 | 31% |
26 | 0 | 2 |
| Oskar Olausson | RW | 0 | 0 | 0 | 0 | 0 | 0 | 1 | 1 | 11:56 | 0:22 | 0 | 0:00 | 0 | 0% |
1 | 0 | 1 |
| Oskari Laaksonen | D | 0 | 0 | 0 | 0 | 0 | 0 | 0 | 1 | 12:02 | 0:17 | 0 | 0:00 | 0 | 0% |
0 | 0 | 0 |
| Reid Schaefer | LW | 0 | 1 | 1 | 0 | 0 | 1 | 1 | 0 | 16:43 | 0:56 | 0 | 0:35 | 0 | 100% |
1 | 0 | 0 |
| Ryder Korczak | C | 0 | 0 | 0 | 0 | 0 | 0 | 0 | 0 | 0:00 | 0:00 | 0 | 0:00 | 0 | 0% |
0 | 0 | 0 |
| Taylor Ward | RW | 0 | 0 | 0 | 0 | 2 | 6 | 1 | 0 | 17:01 | 1:43 | 0 | 0:00 | 0 | 0% |
0 | 0 | 0 |
| Viktor Lodin | C/LW | 0 | 0 | 0 | 0 | 0 | 0 | 3 | 1 | 12:39 | 0:21 | 0 | 0:00 | 0 | 50% |
8 | 0 | 0 |
| Zac Jones | D | 0 | 1 | 1 | 0 | 0 | 1 | 2 | 0 | 26:50 | 4:23 | 0 | 1:19 | 0 | 0% |
0 | 0 | 1 |
Bruins
| Player Name |
POS |
G |
A |
P |
+/- |
PIM |
HIT |
SHT |
SB |
MP |
PP MP |
PP SHT |
PK MP |
PK SHT |
FO% |
FOT |
GA |
TA |
| Adam Gaudette | C/RW | 0 | 0 | 0 | 0 | 2 | 2 | 2 | 0 | 20:03 | 1:05 | 0 | 1:00 | 0 | 100% |
1 | 1 | 0 |
| Alex Peters | D | 0 | 0 | 0 | 0 | 0 | 1 | 1 | 1 | 12:11 | 0:00 | 0 | 0:00 | 0 | 0% |
0 | 0 | 0 |
| Anthony Richard | LW/RW | 0 | 0 | 0 | 0 | 2 | 2 | 2 | 0 | 16:45 | 0:39 | 0 | 1:28 | 0 | 0% |
0 | 0 | 0 |
| Blake Hillman | D | 0 | 0 | 0 | 0 | 0 | 0 | 2 | 1 | 15:44 | 1:39 | 0 | 1:18 | 0 | 0% |
0 | 1 | 0 |
| Brian Halonen | LW/RW | 0 | 0 | 0 | 0 | 0 | 2 | 0 | 0 | 7:03 | 0:00 | 0 | 0:00 | 0 | 0% |
0 | 0 | 0 |
| Dan Renouf | D | 0 | 0 | 0 | -1 | 2 | 1 | 1 | 1 | 19:43 | 0:00 | 0 | 2:33 | 0 | 0% |
0 | 0 | 0 |
| Dylan Holloway | C/LW | 0 | 0 | 0 | 0 | 0 | 3 | 4 | 1 | 21:54 | 1:05 | 0 | 3:39 | 0 | 67% |
3 | 2 | 1 |
| Graeme Clarke | C/RW | 0 | 0 | 0 | 0 | 0 | 1 | 3 | 0 | 10:33 | 0:39 | 0 | 0:03 | 0 | 0% |
0 | 0 | 0 |
| Jake Christiansen | D | 0 | 0 | 0 | 1 | 0 | 0 | 2 | 2 | 26:57 | 1:39 | 0 | 4:31 | 0 | 0% |
0 | 3 | 0 |
| Jeff Malott | LW | 0 | 0 | 0 | 0 | 0 | 1 | 1 | 1 | 10:06 | 0:15 | 0 | 0:00 | 0 | 0% |
0 | 0 | 0 |
| Kristian Reichel | RW | 0 | 0 | 0 | 0 | 0 | 0 | 0 | 0 | 7:18 | 0:15 | 0 | 0:00 | 0 | 50% |
4 | 0 | 0 |
| Logan Shaw | C/LW/RW | 0 | 1 | 1 | 0 | 0 | 4 | 3 | 0 | 16:00 | 1:05 | 0 | 0:39 | 0 | 0% |
0 | 0 | 0 |
| Max Lajoie | D | 0 | 0 | 0 | -1 | 2 | 0 | 2 | 1 | 19:59 | 0:20 | 0 | 2:33 | 0 | 0% |
0 | 1 | 1 |
| Oskar Steen | C/RW | 0 | 0 | 0 | 0 | 0 | 4 | 0 | 0 | 13:54 | 0:00 | 0 | 2:42 | 0 | 29% |
7 | 1 | 1 |
| Philip Broberg | D | 0 | 2 | 2 | 1 | 0 | 0 | 3 | 2 | 26:04 | 0:20 | 0 | 4:57 | 0 | 0% |
0 | 2 | 1 |
| Pierrick Dubé | RW | 0 | 0 | 0 | 0 | 0 | 0 | 1 | 0 | 7:03 | 0:00 | 0 | 0:00 | 0 | 0% |
1 | 0 | 0 |
| Rasmus Asplund | C/LW | 1 | 0 | 1 | 0 | 0 | 0 | 2 | 1 | 22:00 | 0:15 | 1 | 3:30 | 0 | 76% |
29 | 0 | 0 |
| Rourke Chartier | C | 1 | 0 | 1 | 0 | 0 | 2 | 4 | 0 | 18:43 | 0:39 | 0 | 2:51 | 1 | 62% |
13 | 1 | 1 |
Wolf Pack
| 5 vs 5 Forward |
|---|
| Line # | Left Wing | Center | Right Wing | PHY | DF | OF | Wanted % | Time % | Time Play |
| 1 | Ivan Miroshnichenko | Oskar Back | Alex Laferriere | 1 | 2 | 2 | 40 | 28% | 13:43
|
| 2 | Lucas Edmonds | Logan Brown | Oskar Back | 1 | 2 | 2 | 30 | 19% | 9:05
|
| 3 | Reid Schaefer | Logan Hutsko | Taylor Ward | 1 | 2 | 2 | 20 | 30% | 14:37
|
| 4 | Michael Milne | Viktor Lodin | Oskar Olausson | 1 | 2 | 2 | 10 | 24% | 11:34
|
| 5 vs 5 Defense |
|---|
| Line # | Defense | Defense | | PHY | DF | OF | Wanted % | Time % | Time Play |
| 1 | Mark Friedman | Zac Jones | | 1 | 2 | 2 | 40 | 38% | 18:24
|
| 2 | Jayden Struble | Mason Lohrei | | 1 | 2 | 2 | 30 | 35% | 17:12
|
| 3 | Oskari Laaksonen | Jared McIsaac | | 1 | 2 | 2 | 20 | 23% | 11:22
|
| 4 | Mark Friedman | Zac Jones | | 1 | 2 | 2 | 10 | 4% | 2:01
|
| Power Play Forward |
|---|
| Line # | Left Wing | Center | Right Wing | PHY | DF | OF | Wanted % | Time % | Time Play |
| 1 | Ivan Miroshnichenko | Oskar Back | Alex Laferriere | 1 | 2 | 2 | 60 | 56% | 4:27
|
| 2 | Lucas Edmonds | Logan Brown | Oskar Back | 1 | 2 | 2 | 40 | 44% | 3:29
|
| Power Play Defense |
|---|
| Line # | Defense | Defense | | PHY | DF | OF | Wanted % | Time % | Time Play |
| 1 | Mark Friedman | Zac Jones | | 1 | 2 | 2 | 60 | 59% | 4:40
|
| 2 | Jayden Struble | Mason Lohrei | | 1 | 2 | 2 | 40 | 41% | 3:16
|
| Penalty Kill 4 Players Forward |
|---|
| Line # | Center | Wing | PHY | DF | OF | Wanted % | Time % | Time Play |
| 1 | Oskar Back | Ivan Miroshnichenko | 1 | 2 | 2 | 60 | 83% | 1:39
|
| 2 | Logan Brown | Lucas Edmonds | 1 | 2 | 2 | 40 | 17% | 0:20
|
| Penalty Kill 4 Players Defense |
|---|
| Line # | Defense | Defense | PHY | DF | OF | Wanted % | Time % | Time Play |
| 1 | Mark Friedman | Zac Jones | 1 | 2 | 2 | 60 | 66% | 1:19
|
| 2 | Jayden Struble | Mason Lohrei | 1 | 2 | 2 | 40 | 34% | 0:40
|
| Penalty Kill 3 Players |
|---|
| Line # | Wing | PHY | DF | OF | Wanted % | Time % | Time Play | Defense | Defense | PHY | DF | OF | Wanted % | Time % | Time Play |
| 1 | Oskar Back | 1 | 2 | 2 | 60 | 0% | 0:00
| Mark Friedman | Zac Jones | 1 | 2 | 2 | 60 | 0% | 0:00
|
| 2 | Logan Brown | 1 | 2 | 2 | 40 | 0% | 0:00
| Jayden Struble | Mason Lohrei | 1 | 2 | 2 | 40 | 0% | 0:00
|
| 4 vs 4 Forward |
|---|
| Line # | Center | Wing | PHY | DF | OF | Wanted % | Time % | Time Play |
| 1 | Oskar Back | Ivan Miroshnichenko | 1 | 2 | 2 | 60 | 0% | 0:00
|
| 2 | Logan Brown | Lucas Edmonds | 1 | 2 | 2 | 40 | 0% | 0:00
|
| 4 vs 4 Defense |
|---|
| Line # | Defense | | PHY | DF | OF | Wanted % | Time % | Time Play |
| 1 | Mark Friedman | Zac Jones | 1 | 2 | 2 | 60 | 0% | 0:00
|
| 2 | Jayden Struble | Mason Lohrei | 1 | 2 | 2 | 40 | 0% | 0:00
|
| Last Minutes Offensive |
|---|
| Left Wing | Center | Right Wing | Defense | Defense |
| Ivan Miroshnichenko | Oskar Back | Alex Laferriere | Mark Friedman | Zac Jones |
| Last Minutes Defensive |
|---|
| Left Wing | Center | Right Wing | Defense | Defense |
| Ivan Miroshnichenko | Oskar Back | Alex Laferriere | Mark Friedman | Zac Jones |
| Time |
|---|
| Total Forward | Total Defense | Last Minutes Offensive | Last Minutes Defensive |
| 60:00 |
60:00 |
1:06 | 0:00 |
| Extra Forwards |
|---|
| Normal | PowerPlay | Penalty Kill |
|
Logan Brown, Logan Hutsko, Lucas Edmonds | Logan Brown, Logan Hutsko | Logan Brown |
| Extra Defensemen |
|---|
| Normal | PowerPlay | Penalty Kill |
|
Mason Lohrei, Oskari Laaksonen, Jared McIsaac | Mason Lohrei, Mason Lohrei | Oskari Laaksonen |
| Penalty Shots |
|---|
|
Alex Laferriere, Ivan Miroshnichenko, Oskar Back, Taylor Ward, Logan Brown |
| Goalie |
|---|
| Alex Lyon, Spencer Martin |
| Scratches |
|---|
|
Artem Guryev (Healthy), Brian Pinho (Healthy), Matt Filipe (Healthy), William Stromgren (Healthy), Donovan Sebrango (Healthy)
Daniil Chayka (Healthy), Jami Krannila (Healthy), Lukas Svejkovsky (Healthy), Raivis Ansons (Healthy), Isaac Poulter (Healthy) |
Bruins
| 5 vs 5 Forward |
|---|
| Line # | Left Wing | Center | Right Wing | PHY | DF | OF | Wanted % | Time % | Time Play |
| 1 | Dylan Holloway | Rasmus Asplund | Adam Gaudette | 1 | 2 | 2 | 45 | 37% | 17:58
|
| 2 | Logan Shaw | Rourke Chartier | Anthony Richard | 0 | 3 | 2 | 30 | 29% | 14:08
|
| 3 | Jeff Malott | Oskar Steen | Graeme Clarke | 1 | 2 | 2 | 20 | 20% | 9:51
|
| 4 | Brian Halonen | Kristian Reichel | Pierrick Dubé | 0 | 3 | 2 | 5 | 14% | 7:03
|
| 5 vs 5 Defense |
|---|
| Line # | Defense | Defense | | PHY | DF | OF | Wanted % | Time % | Time Play |
| 1 | Philip Broberg | Jake Christiansen | | 1 | 3 | 1 | 45 | 41% | 19:52
|
| 2 | Dan Renouf | Max Lajoie | | 1 | 4 | 0 | 35 | 35% | 17:07
|
| 3 | Alex Peters | Blake Hillman | | 1 | 3 | 1 | 20 | 25% | 12:01
|
| 4 | Philip Broberg | Jake Christiansen | | 1 | 3 | 1 | 0 | 0% | 0:00
|
| Power Play Forward |
|---|
| Line # | Left Wing | Center | Right Wing | PHY | DF | OF | Wanted % | Time % | Time Play |
| 1 | Logan Shaw | Dylan Holloway | Adam Gaudette | 0 | 1 | 4 | 70 | 67% | 1:20
|
| 2 | Anthony Richard | Rourke Chartier | Graeme Clarke | 0 | 1 | 4 | 30 | 33% | 0:39
|
| Power Play Defense |
|---|
| Line # | Defense | Defense | | PHY | DF | OF | Wanted % | Time % | Time Play |
| 1 | Blake Hillman | Jake Christiansen | | 0 | 1 | 4 | 75 | 83% | 1:39
|
| 2 | Philip Broberg | Max Lajoie | | 0 | 1 | 4 | 25 | 17% | 0:20
|
| Penalty Kill 4 Players Forward |
|---|
| Line # | Center | Wing | PHY | DF | OF | Wanted % | Time % | Time Play |
| 1 | Rasmus Asplund | Dylan Holloway | 0 | 4 | 1 | 60 | 73% | 5:46
|
| 2 | Rourke Chartier | Oskar Steen | 0 | 4 | 1 | 40 | 27% | 2:10
|
| Penalty Kill 4 Players Defense |
|---|
| Line # | Defense | Defense | PHY | DF | OF | Wanted % | Time % | Time Play |
| 1 | Philip Broberg | Jake Christiansen | 0 | 4 | 1 | 60 | 56% | 4:26
|
| 2 | Dan Renouf | Max Lajoie | 0 | 4 | 1 | 40 | 44% | 3:30
|
| Penalty Kill 3 Players |
|---|
| Line # | Wing | PHY | DF | OF | Wanted % | Time % | Time Play | Defense | Defense | PHY | DF | OF | Wanted % | Time % | Time Play |
| 1 | Dylan Holloway | 0 | 4 | 1 | 60 | 0% | 0:00
| Philip Broberg | Jake Christiansen | 0 | 5 | 0 | 60 | 0% | 0:00
|
| 2 | Rasmus Asplund | 0 | 4 | 1 | 40 | 0% | 0:00
| Dan Renouf | Max Lajoie | 0 | 5 | 0 | 40 | 0% | 0:00
|
| 4 vs 4 Forward |
|---|
| Line # | Center | Wing | PHY | DF | OF | Wanted % | Time % | Time Play |
| 1 | Rasmus Asplund | Dylan Holloway | 1 | 2 | 2 | 60 | 0% | 0:00
|
| 2 | Rourke Chartier | Adam Gaudette | 1 | 2 | 2 | 40 | 0% | 0:00
|
| 4 vs 4 Defense |
|---|
| Line # | Defense | | PHY | DF | OF | Wanted % | Time % | Time Play |
| 1 | Philip Broberg | Jake Christiansen | 1 | 3 | 1 | 60 | 0% | 0:00
|
| 2 | Dan Renouf | Blake Hillman | 1 | 3 | 1 | 40 | 0% | 0:00
|
| Last Minutes Offensive |
|---|
| Left Wing | Center | Right Wing | Defense | Defense |
| Logan Shaw | Dylan Holloway | Adam Gaudette | Blake Hillman | Jake Christiansen |
| Last Minutes Defensive |
|---|
| Left Wing | Center | Right Wing | Defense | Defense |
| Rasmus Asplund | Rourke Chartier | Oskar Steen | Philip Broberg | Jake Christiansen |
| Time |
|---|
| Total Forward | Total Defense | Last Minutes Offensive | Last Minutes Defensive |
| 60:00 |
60:00 |
0:00 | 1:05 |
| Extra Forwards |
|---|
| Normal | PowerPlay | Penalty Kill |
|
Adam Gaudette, Dylan Holloway, Logan Shaw | Adam Gaudette, Dylan Holloway | Dylan Holloway |
| Extra Defensemen |
|---|
| Normal | PowerPlay | Penalty Kill |
|
Jake Christiansen, Blake Hillman, Philip Broberg | Jake Christiansen, Philip Broberg | Jake Christiansen |
| Penalty Shots |
|---|
|
Adam Gaudette, Dylan Holloway, Jake Christiansen, Anthony Richard, Graeme Clarke |
| Goalie |
|---|
| Ken Appleby, Jacob Ingham |
| Scratches |
|---|
|
Anthony Angello (Healthy), Austin Poganski (Healthy), Austin Strand (Healthy), Brendan Perlini (Healthy), Scott Morrow (Left Forearm Injury)
Travis Barron (Healthy), Ryan Ellis (Healthy), Jean-Luc Foudy (Healthy), Ashton Sautner (Healthy), Nathan Burke (Healthy)
Jared Moe (Healthy) |
Play-by-Play
1st period
0:01 of 1st period - Dylan Holloway wins face-off versus Oskar Back in neutral zone.
0:34 of 1st period - Off-side.
0:35 of 1st period - Logan Brown wins face-off versus Oskar Steen in neutral zone.
0:38 of 1st period - Slapshot by Jayden Struble.
0:38 of 1st period - Deflect By Logan Brown.
0:38 of 1st period - Shot Blocked by Jeff Malott.
0:38 of 1st period - Puck is out of play.
0:39 of 1st period - Oskar Steen wins face-off versus Logan Brown in Bruins zone.
0:55 of 1st period - Slapshot by Mason Lohrei.
0:55 of 1st period - Stopped by Ken Appleby without a rebound.
0:56 of 1st period - Rasmus Asplund wins face-off versus Viktor Lodin in Bruins zone.
0:56 of 1st period - Rasmus Asplund is hit by Michael Milne.
1:02 of 1st period - Wrist shot by Adam Gaudette.
1:02 of 1st period - Stopped by Alex Lyon without a rebound.
1:03 of 1st period - Rasmus Asplund wins face-off versus Oskar Olausson in Wolf Pack zone.
1:06 of 1st period - Wrist shot by Rasmus Asplund.
1:06 of 1st period - Stopped by Alex Lyon without a rebound.
1:07 of 1st period - Oskar Back wins face-off versus Rourke Chartier in Wolf Pack zone.
1:40 of 1st period - Slapshot by Reid Schaefer.
1:40 of 1st period - Deflect By Taylor Ward.
1:40 of 1st period - Shot Misses the Net.
1:40 of 1st period - Puck is out of play.
1:41 of 1st period - Kristian Reichel wins face-off versus Logan Brown in Bruins zone.
2:46 of 1st period - Off-side.
2:47 of 1st period - Oskar Back wins face-off versus Oskar Steen in neutral zone.
3:29 of 1st period - Dylan Holloway is hit by Reid Schaefer and loses puck.
3:41 of 1st period - Icing by Taylor Ward.
3:42 of 1st period - Logan Hutsko wins face-off versus Rourke Chartier in Wolf Pack zone.
3:51 of 1st period - Anthony Richard is hit by Taylor Ward.
4:19 of 1st period - Graeme Clarke is hit by Taylor Ward.
4:25 of 1st period - Slapshot by Zac Jones.
4:25 of 1st period - Stopped by Ken Appleby without a rebound.
4:26 of 1st period - Kristian Reichel wins face-off versus Logan Brown in Bruins zone.
4:26 of 1st period - Kristian Reichel is hit by Lucas Edmonds.
4:29 of 1st period - Minor Penalty to Max Lajoie for Delaying the game.
4:30 of 1st period - Rasmus Asplund wins face-off versus Oskar Back in Bruins zone.
5:02 of 1st period - Slapshot by Zac Jones.
5:02 of 1st period - Shot Misses the Net.
5:04 of 1st period - Slapshot by Zac Jones.
5:04 of 1st period - Shot Blocked by Philip Broberg.
6:29 of 1st period - Penalty to Max Lajoie is over, Max Lajoie is back on ice.
7:02 of 1st period - Slapshot by Mark Friedman.
7:02 of 1st period - Deflect By Oskar Olausson.
7:02 of 1st period - Stopped by Ken Appleby with a rebound.
7:04 of 1st period - Wrist shot by Oskar Olausson.
7:04 of 1st period - Deflect By Viktor Lodin.
7:04 of 1st period - Shot Blocked by Dan Renouf.
7:04 of 1st period - Puck is out of play.
7:05 of 1st period - Reid Schaefer wins face-off versus Oskar Steen in Bruins zone.
7:52 of 1st period - Slapshot by Jake Christiansen.
7:52 of 1st period - Shot Blocked by Jared McIsaac.
7:56 of 1st period - Backhand shot by Jake Christiansen.
7:56 of 1st period - Shot Blocked by Jared McIsaac.
8:32 of 1st period - Snap shot by Dylan Holloway.
8:32 of 1st period - Shot Blocked by Jared McIsaac.
8:52 of 1st period - Slapshot by Mason Lohrei.
8:52 of 1st period - Stopped by Ken Appleby with a rebound.
9:00 of 1st period - Snap shot by Michael Milne.
9:00 of 1st period - Shot Misses the Net.
9:02 of 1st period - Slapshot by Mason Lohrei.
9:02 of 1st period - Stopped by Ken Appleby without a rebound.
9:03 of 1st period - Rasmus Asplund wins face-off versus Oskar Back in Bruins zone.
9:03 of 1st period - Rasmus Asplund is hit by Alex Laferriere.
9:14 of 1st period - Snap shot by Alex Laferriere.
9:14 of 1st period - Shot Blocked by Dylan Holloway.
9:16 of 1st period - Wrist shot by Oskar Back.
9:16 of 1st period - Stopped by Ken Appleby with a rebound.
10:34 of 1st period - Logan Hutsko is hit by Adam Gaudette and loses puck.
10:51 of 1st period - Wrist shot by Lucas Edmonds.
10:51 of 1st period - Stopped by Ken Appleby without a rebound.
10:52 of 1st period - Rourke Chartier wins face-off versus Logan Brown in Bruins zone.
11:01 of 1st period - Slapshot by Max Lajoie.
11:01 of 1st period - Stopped by Alex Lyon without a rebound.
11:02 of 1st period - Rourke Chartier wins face-off versus Logan Brown in Wolf Pack zone.
11:17 of 1st period - Snap shot by Logan Shaw.
11:17 of 1st period - Shot Misses the Net.
11:19 of 1st period - Slapshot by Max Lajoie.
11:19 of 1st period - Stopped by Alex Lyon without a rebound.
11:20 of 1st period - Rasmus Asplund wins face-off versus Oskar Back in Wolf Pack zone.
11:45 of 1st period - Wrist shot by Graeme Clarke.
11:45 of 1st period - Deflect By Oskar Back.
11:45 of 1st period - Stopped by Alex Lyon with a rebound.
12:07 of 1st period - Mason Lohrei is hit by Logan Shaw and loses puck.
12:28 of 1st period - Wrist shot by Dylan Holloway.
12:28 of 1st period - Stopped by Alex Lyon without a rebound.
12:29 of 1st period - Viktor Lodin wins face-off versus Rasmus Asplund in Wolf Pack zone.
12:31 of 1st period - Icing by Zac Jones.
12:32 of 1st period - Rasmus Asplund wins face-off versus Viktor Lodin in Wolf Pack zone.
12:35 of 1st period - Wrist shot by Rasmus Asplund.
12:35 of 1st period - Shot Misses the Net.
12:37 of 1st period - Snap shot by Dylan Holloway.
12:37 of 1st period - Stopped by Alex Lyon with a rebound.
12:39 of 1st period - Slapshot by Jake Christiansen.
12:39 of 1st period - Stopped by Alex Lyon without a rebound.
12:40 of 1st period - Rasmus Asplund wins face-off versus Ivan Miroshnichenko in Wolf Pack zone.
13:35 of 1st period - Oskar Steen is hit by Oskar Back and loses puck.
13:54 of 1st period - Oskar Olausson is hit by Brian Halonen and loses puck.
14:13 of 1st period - Wrist shot by Adam Gaudette.
14:13 of 1st period - Shot Blocked by Mark Friedman.
14:17 of 1st period - Snap shot by Rasmus Asplund.
14:17 of 1st period - Shot Blocked by Oskar Back.
14:37 of 1st period - Slapshot by Logan Hutsko.
14:37 of 1st period - Stopped by Ken Appleby with a rebound.
15:02 of 1st period - Snap shot by Oskar Steen.
15:02 of 1st period - Shot Hit the Post.
16:47 of 1st period - Wrist shot by Dylan Holloway.
16:47 of 1st period - Stopped by Alex Lyon with a rebound.
16:49 of 1st period - Wrist shot by Anthony Richard.
16:49 of 1st period - Stopped by Alex Lyon with a rebound.
17:11 of 1st period - Blake Hillman is hit by Logan Hutsko and loses puck.
17:36 of 1st period - Slapshot by Dylan Holloway.
17:36 of 1st period - Shot Misses the Net.
17:48 of 1st period - Michael Milne is hit by Logan Shaw and loses puck.
18:08 of 1st period - Icing by Ivan Miroshnichenko.
18:09 of 1st period - Oskar Back wins face-off versus Pierrick Dubé in Wolf Pack zone.
18:14 of 1st period - Wrist shot by Alex Laferriere.
18:14 of 1st period - Shot Misses the Net.
18:22 of 1st period - Slapshot by Philip Broberg.
18:22 of 1st period - Stopped by Alex Lyon without a rebound.
18:23 of 1st period - Adam Gaudette wins face-off versus Oskar Back in Wolf Pack zone.
19:32 of 1st period - Snap shot by Logan Brown.
19:32 of 1st period - Shot Blocked by Rasmus Asplund.
Goals for this period are 0 for Wolf Pack vs 0 for Bruins.
Shots for this period are 8 for Wolf Pack vs 11 for Bruins.
2nd period
0:01 of 2nd period - Ivan Miroshnichenko wins face-off versus Rasmus Asplund in neutral zone.
0:01 of 2nd period - Alex Laferriere is hit by Dylan Holloway and loses puck.
0:12 of 2nd period - Mark Friedman is hit by Adam Gaudette and loses puck.
0:25 of 2nd period - Zac Jones is hit by Oskar Steen and loses puck.
0:37 of 2nd period - Off-side.
0:38 of 2nd period - Rasmus Asplund wins face-off versus Logan Hutsko in neutral zone.
0:51 of 2nd period - Snap shot by Adam Gaudette.
0:51 of 2nd period - Shot Blocked by Logan Hutsko.
0:53 of 2nd period - Slapshot by Jake Christiansen.
0:53 of 2nd period - Stopped by Alex Lyon with a rebound.
1:12 of 2nd period - Wrist shot by Jayden Struble.
1:12 of 2nd period - Shot Blocked by Jake Christiansen.
1:41 of 2nd period - Oskar Back is hit by Dylan Holloway.
1:51 of 2nd period - Wrist shot by Logan Hutsko.
1:51 of 2nd period - Stopped by Ken Appleby with a rebound.
1:53 of 2nd period - Snap shot by Taylor Ward.
1:53 of 2nd period - Shot Misses the Net.
1:55 of 2nd period - Slapshot by Taylor Ward.
1:55 of 2nd period - Stopped by Ken Appleby without a rebound.
1:56 of 2nd period - Rourke Chartier wins face-off versus Logan Hutsko in Bruins zone.
2:16 of 2nd period - Slapshot by Zac Jones.
2:16 of 2nd period - Stopped by Ken Appleby with a rebound.
3:48 of 2nd period - Oskar Back is hit by Oskar Steen and loses puck.
3:53 of 2nd period - Snap shot by Graeme Clarke.
3:53 of 2nd period - Stopped by Alex Lyon with a rebound.
3:55 of 2nd period - Wrist shot by Graeme Clarke.
3:55 of 2nd period - Stopped by Alex Lyon without a rebound.
3:56 of 2nd period - Logan Hutsko wins face-off versus Rasmus Asplund in Wolf Pack zone.
3:56 of 2nd period - Logan Hutsko is hit by Alex Peters.
4:10 of 2nd period - Wrist shot by Logan Hutsko.
4:10 of 2nd period - Shot Misses the Net.
4:12 of 2nd period - Slapshot by Zac Jones.
4:12 of 2nd period - Shot Blocked by Alex Peters.
4:30 of 2nd period - Slapshot by Rourke Chartier.
4:30 of 2nd period - Stopped by Alex Lyon without a rebound.
4:31 of 2nd period - Rourke Chartier wins face-off versus Oskar Back in Wolf Pack zone.
4:42 of 2nd period - Backhand shot by Alex Laferriere.
4:42 of 2nd period - Stopped by Ken Appleby with a rebound.
5:05 of 2nd period - Slapshot by Reid Schaefer.
5:05 of 2nd period - Shot Blocked by Max Lajoie.
5:07 of 2nd period - Snap shot by Logan Hutsko.
5:07 of 2nd period - Stopped by Ken Appleby without a rebound.
5:08 of 2nd period - Rasmus Asplund wins face-off versus Logan Brown in Bruins zone.
5:08 of 2nd period - Rasmus Asplund is hit by Zac Jones.
5:30 of 2nd period - Snap shot by Rourke Chartier.
5:30 of 2nd period - Shot Blocked by Mark Friedman.
5:32 of 2nd period - Backhand shot by Philip Broberg.
5:32 of 2nd period - Shot Blocked by Mark Friedman.
5:34 of 2nd period - Slapshot by Logan Shaw.
5:34 of 2nd period - Stopped by Alex Lyon with a rebound.
5:36 of 2nd period - Wrist shot by Logan Shaw.
5:36 of 2nd period - Stopped by Alex Lyon with a rebound.
5:38 of 2nd period - Wrist shot by Rourke Chartier.
5:38 of 2nd period - Goal by Rourke Chartier - Wolf Pack : 0 - Bruins : 1.
5:39 of 2nd period - Rasmus Asplund wins face-off versus Oskar Back in neutral zone.
5:50 of 2nd period - Adam Gaudette is hit by Mark Friedman and loses puck.
6:22 of 2nd period - Snap shot by Viktor Lodin.
6:22 of 2nd period - Stopped by Ken Appleby with a rebound.
6:43 of 2nd period - Off-side.
6:44 of 2nd period - Logan Brown wins face-off versus Oskar Steen in neutral zone.
6:50 of 2nd period - Minor Penalty to Dan Renouf for Tripping.
6:51 of 2nd period - Oskar Back wins face-off versus Rasmus Asplund in Bruins zone.
6:54 of 2nd period - Snap shot by Oskar Back.
6:54 of 2nd period - Stopped by Ken Appleby with a rebound.
6:56 of 2nd period - Slapshot by Zac Jones.
6:56 of 2nd period - Deflect By Ivan Miroshnichenko.
6:56 of 2nd period - Stopped by Ken Appleby without a rebound.
6:57 of 2nd period - Rasmus Asplund wins face-off versus Oskar Back in Bruins zone.
7:39 of 2nd period - Mark Friedman is hit by Rourke Chartier and loses puck.
7:46 of 2nd period - Snap shot by Rourke Chartier.
7:46 of 2nd period - Stopped by Alex Lyon with a rebound.
7:48 of 2nd period - Slapshot by Max Lajoie.
7:48 of 2nd period - Shot Misses the Net.
8:50 of 2nd period - Penalty to Dan Renouf is over, Dan Renouf is back on ice.
9:08 of 2nd period - Max Lajoie is hit by Mason Lohrei and loses puck.
9:41 of 2nd period - Snap shot by Jeff Malott.
9:41 of 2nd period - Shot Blocked by Michael Milne.
9:43 of 2nd period - Wrist shot by Oskar Steen.
9:43 of 2nd period - Shot Misses the Net.
9:45 of 2nd period - Wrist shot by Jeff Malott.
9:45 of 2nd period - Shot Blocked by Oskar Olausson.
9:47 of 2nd period - Slapshot by Alex Peters.
9:47 of 2nd period - Shot Blocked by Jared McIsaac.
9:49 of 2nd period - Slapshot by Blake Hillman.
9:49 of 2nd period - Stopped by Alex Lyon with a rebound.
10:45 of 2nd period - Minor Penalty to Taylor Ward for Cross-checking.
10:46 of 2nd period - Dylan Holloway wins face-off versus Oskar Back in Wolf Pack zone.
10:52 of 2nd period - Off-side.
10:53 of 2nd period - Oskar Back wins face-off versus Dylan Holloway in neutral zone.
10:58 of 2nd period - Snap shot by Oskar Back.
10:58 of 2nd period - Stopped by Ken Appleby with a rebound.
11:00 of 2nd period - Wrist shot by Oskar Back.
11:00 of 2nd period - Shot Blocked by Jake Christiansen.
12:44 of 2nd period - Snap shot by Rasmus Asplund.
12:44 of 2nd period - Goal by Rasmus Asplund - Wolf Pack : 0 - Bruins : 2.
12:45 of 2nd period - Rasmus Asplund wins face-off versus Logan Brown in neutral zone.
12:58 of 2nd period - Wrist shot by Lucas Edmonds.
12:58 of 2nd period - Shot Misses the Net.
13:10 of 2nd period - Dan Renouf is hit by Taylor Ward and loses puck.
13:21 of 2nd period - Snap shot by Logan Hutsko.
13:21 of 2nd period - Goal by Logan Hutsko - Wolf Pack : 1 - Bruins : 2.
13:22 of 2nd period - Rasmus Asplund wins face-off versus Oskar Back in neutral zone.
13:48 of 2nd period - Backhand shot by Michael Milne.
13:48 of 2nd period - Shot Misses the Net.
13:50 of 2nd period - Backhand shot by Michael Milne.
13:50 of 2nd period - Stopped by Ken Appleby without a rebound.
13:51 of 2nd period - Viktor Lodin wins face-off versus Rourke Chartier in Bruins zone.
14:16 of 2nd period - Jayden Struble is hit by Oskar Steen.
14:56 of 2nd period - Snap shot by Pierrick Dubé.
14:56 of 2nd period - Stopped by Alex Lyon without a rebound.
14:57 of 2nd period - Logan Brown wins face-off versus Kristian Reichel in Wolf Pack zone.
15:49 of 2nd period - Snap shot by Ivan Miroshnichenko.
15:49 of 2nd period - Stopped by Ken Appleby without a rebound.
15:50 of 2nd period - Rourke Chartier wins face-off versus Oskar Back in Bruins zone.
15:59 of 2nd period - Wrist shot by Ivan Miroshnichenko.
15:59 of 2nd period - Stopped by Ken Appleby with a rebound.
16:01 of 2nd period - Wrist shot by Alex Laferriere.
16:01 of 2nd period - Stopped by Ken Appleby without a rebound.
16:02 of 2nd period - Oskar Back wins face-off versus Rasmus Asplund in Bruins zone.
16:27 of 2nd period - Mark Friedman is hit by Anthony Richard and loses puck.
17:28 of 2nd period - Adam Gaudette is hit by Alex Laferriere and loses puck.
17:55 of 2nd period - Rourke Chartier is hit by Logan Brown and loses puck.
18:42 of 2nd period - Snap shot by Anthony Richard.
18:42 of 2nd period - Stopped by Alex Lyon with a rebound.
18:44 of 2nd period - Slapshot by Blake Hillman.
18:44 of 2nd period - Shot Blocked by Alex Laferriere.
18:46 of 2nd period - Snap shot by Logan Shaw.
18:46 of 2nd period - Stopped by Alex Lyon with a rebound.
19:18 of 2nd period - Backhand shot by Jeff Malott.
19:18 of 2nd period - Stopped by Alex Lyon without a rebound.
19:19 of 2nd period - Rasmus Asplund wins face-off versus Viktor Lodin in Wolf Pack zone.
19:51 of 2nd period - Blake Hillman is hit by Taylor Ward and loses puck.
Goals for this period are 1 for Wolf Pack vs 2 for Bruins.
Shots for this period are 14 for Wolf Pack vs 14 for Bruins.
3rd period
0:01 of 3rd period - Rasmus Asplund wins face-off versus Oskar Back in neutral zone.
0:34 of 3rd period - Slapshot by Zac Jones.
0:34 of 3rd period - Shot Misses the Net.
0:51 of 3rd period - Zac Jones is hit by Oskar Steen and loses puck.
2:00 of 3rd period - Reid Schaefer is hit by Logan Shaw and loses puck.
2:15 of 3rd period - Jeff Malott is hit by Oskar Back and loses puck.
2:49 of 3rd period - Snap shot by Adam Gaudette.
2:49 of 3rd period - Deflect By Dylan Holloway.
2:49 of 3rd period - Stopped by Alex Lyon with a rebound.
2:51 of 3rd period - Wrist shot by Philip Broberg.
2:51 of 3rd period - Stopped by Alex Lyon without a rebound.
2:52 of 3rd period - Rasmus Asplund wins face-off versus Oskar Back in Wolf Pack zone.
3:13 of 3rd period - Taylor Ward is hit by Dan Renouf and loses puck.
3:32 of 3rd period - Wrist shot by Blake Hillman.
3:32 of 3rd period - Stopped by Alex Lyon with a rebound.
3:34 of 3rd period - Slapshot by Alex Peters.
3:34 of 3rd period - Stopped by Alex Lyon without a rebound.
3:35 of 3rd period - Oskar Steen wins face-off versus Viktor Lodin in Wolf Pack zone.
3:42 of 3rd period - Snap shot by Viktor Lodin.
3:42 of 3rd period - Stopped by Ken Appleby with a rebound.
3:44 of 3rd period - Snap shot by Viktor Lodin.
3:44 of 3rd period - Stopped by Ken Appleby without a rebound.
3:45 of 3rd period - Oskar Back wins face-off versus Rasmus Asplund in Bruins zone.
3:52 of 3rd period - Snap shot by Alex Laferriere.
3:52 of 3rd period - Stopped by Ken Appleby without a rebound.
3:53 of 3rd period - Oskar Back wins face-off versus Rasmus Asplund in Bruins zone.
3:54 of 3rd period - Wrist shot by Alex Laferriere.
3:54 of 3rd period - Stopped by Ken Appleby without a rebound.
3:55 of 3rd period - Rasmus Asplund wins face-off versus Oskar Back in Bruins zone.
4:32 of 3rd period - Snap shot by Rasmus Asplund.
4:32 of 3rd period - Shot Misses the Net.
5:39 of 3rd period - Minor Penalty to Adam Gaudette for Roughing.
5:40 of 3rd period - Logan Brown wins face-off versus Rourke Chartier in Bruins zone.
5:42 of 3rd period - Snap shot by Lucas Edmonds.
5:42 of 3rd period - Stopped by Ken Appleby without a rebound.
5:43 of 3rd period - Rourke Chartier wins face-off versus Logan Brown in Bruins zone.
7:37 of 3rd period - Viktor Lodin is hit by Logan Shaw and loses puck.
7:39 of 3rd period - Penalty to Adam Gaudette is over, Adam Gaudette is back on ice.
7:46 of 3rd period - Snap shot by Adam Gaudette.
7:46 of 3rd period - Shot Blocked by Oskari Laaksonen.
7:48 of 3rd period - Slapshot by Max Lajoie.
7:48 of 3rd period - Shot Blocked by Viktor Lodin.
7:50 of 3rd period - Slapshot by Dan Renouf.
7:50 of 3rd period - Stopped by Alex Lyon without a rebound.
7:51 of 3rd period - Viktor Lodin wins face-off versus Kristian Reichel in Wolf Pack zone.
7:51 of 3rd period - Viktor Lodin is hit by Brian Halonen.
8:03 of 3rd period - Slapshot by Viktor Lodin.
8:03 of 3rd period - Shot Blocked by Blake Hillman.
8:13 of 3rd period - Mason Lohrei is hit by Graeme Clarke and loses puck.
8:38 of 3rd period - Wrist shot by Michael Milne.
8:38 of 3rd period - Shot Misses the Net.
9:23 of 3rd period - Wrist shot by Adam Gaudette.
9:23 of 3rd period - Stopped by Alex Lyon without a rebound.
9:24 of 3rd period - Rasmus Asplund wins face-off versus Logan Hutsko in Wolf Pack zone.
10:45 of 3rd period - Slapshot by Reid Schaefer.
10:45 of 3rd period - Shot Misses the Net.
11:05 of 3rd period - Michael Milne is hit by Anthony Richard and loses puck.
11:16 of 3rd period - Slapshot by Philip Broberg.
11:16 of 3rd period - Stopped by Alex Lyon with a rebound.
12:15 of 3rd period - Viktor Lodin is hit by Dylan Holloway and loses puck.
12:29 of 3rd period - Off-side.
12:30 of 3rd period - Logan Brown wins face-off versus Rourke Chartier in neutral zone.
12:49 of 3rd period - Wrist shot by Rourke Chartier.
12:49 of 3rd period - Shot Blocked by Mason Lohrei.
12:57 of 3rd period - Alex Peters is hit by Mason Lohrei and loses puck.
13:06 of 3rd period - Reid Schaefer is hit by Rourke Chartier and loses puck.
13:22 of 3rd period - Snap shot by Reid Schaefer.
13:22 of 3rd period - Stopped by Ken Appleby with a rebound.
13:24 of 3rd period - Wrist shot by Logan Hutsko.
13:24 of 3rd period - Stopped by Ken Appleby with a rebound.
13:26 of 3rd period - Snap shot by Mason Lohrei.
13:26 of 3rd period - Deflect By Taylor Ward.
13:26 of 3rd period - Shot Misses the Net.
13:26 of 3rd period - Puck is out of play.
13:27 of 3rd period - Rasmus Asplund wins face-off versus Logan Brown in Bruins zone.
13:53 of 3rd period - Oskar Steen is hit by Ivan Miroshnichenko.
14:22 of 3rd period - Snap shot by Michael Milne.
14:22 of 3rd period - Stopped by Ken Appleby with a rebound.
14:24 of 3rd period - Snap shot by Michael Milne.
14:24 of 3rd period - Stopped by Ken Appleby without a rebound.
14:25 of 3rd period - Rasmus Asplund wins face-off versus Logan Hutsko in Bruins zone.
14:50 of 3rd period - Lucas Edmonds is hit by Jeff Malott and loses puck.
15:45 of 3rd period - Minor Penalty to Anthony Richard for Tripping.
15:46 of 3rd period - Rasmus Asplund wins face-off versus Oskar Back in Bruins zone.
15:57 of 3rd period - Snap shot by Ivan Miroshnichenko.
15:57 of 3rd period - Shot Blocked by Philip Broberg.
15:59 of 3rd period - Wrist shot by Oskar Back.
15:59 of 3rd period - Deflect By Alex Laferriere.
15:59 of 3rd period - Stopped by Ken Appleby without a rebound.
16:00 of 3rd period - Rasmus Asplund wins face-off versus Oskar Back in Bruins zone.
17:38 of 3rd period - Oskar Steen is hit by Taylor Ward and loses puck.
17:45 of 3rd period - Penalty to Anthony Richard is over, Anthony Richard is back on ice.
18:30 of 3rd period - Logan Shaw is hit by Taylor Ward and loses puck.
18:38 of 3rd period - Icing by Adam Gaudette.
18:39 of 3rd period - Viktor Lodin wins face-off versus Oskar Steen in Bruins zone.
18:40 of 3rd period - Snap shot by Taylor Ward.
18:40 of 3rd period - Shot Misses the Net.
19:04 of 3rd period - Wrist shot by Rourke Chartier.
19:04 of 3rd period - Stopped by Alex Lyon without a rebound.
19:05 of 3rd period - Dave Tippett call a timeout for Wolf Pack.
19:05 of 3rd period - Rourke Chartier wins face-off versus Oskar Back in Wolf Pack zone.
19:08 of 3rd period - Wrist shot by Oskar Steen.
19:08 of 3rd period - Shot Blocked by Ivan Miroshnichenko.
19:18 of 3rd period - Wolf Pack, Alex Lyon is pulled from the net.
19:48 of 3rd period - Snap shot by Alex Laferriere.
19:48 of 3rd period - Shot Misses the Net.
19:50 of 3rd period - Snap shot by Zac Jones.
19:50 of 3rd period - Deflect By Alex Laferriere.
19:50 of 3rd period - Stopped by Ken Appleby without a rebound.
19:51 of 3rd period - Rourke Chartier wins face-off versus Oskar Back in Bruins zone.
Goals for this period are 0 for Wolf Pack vs 0 for Bruins.
Shots for this period are 11 for Wolf Pack vs 8 for Bruins.